 Dungeon Crawl Stone Soup version 0.28-a0-906-g0406aca7d3 (webtiles) character file.

Game seed: 15036188462024540633

16381 Turgor the Grappler (level 12, -1/192 HPs)
             Began as a Troll Monk on Nov 23, 2021.
             Was a High Priest of Trog.
             Slain by a tyrant leech (11 damage)
             ... on level 2 of the Lair of Beasts.
             The game lasted 00:44:45 (9499 turns).

Turgor the Grappler (Troll Monk)                    Turns: 9499, Time: 00:44:46

Health: -1/192     AC: 10    Str: 25    XL:     12   Next: 9%
Magic:  11/11      EV: 12    Int:  7    God:    Trog [*****.]
Gold:   431        SH:  0    Dex: 18    Spells: 11/11 levels left

rFire   . . .      SeeInvis .     - Unarmed
rCold   . . .      Faith    .   (no shield)
rNeg    . . .      Spirit   .   x - +0 acid dragon scales
rPois   +          Reflect  .   (helmet restricted)
rElec   .          Harm     .   k - +0 cloak
rCorr   +          Rampage  .   (gloves unavailable)
Will    ++...                   (boots unavailable)
Stlth   ..........              (no amulet)
HPRegen 2.42/turn               s - +6 ring of dexterity
MPRegen 0.12/turn               a - ring of poison resistance

@: berserking, strong-willed, regenerating, very quick
A: large, unfitting armour, claws 3, regeneration 1, shaggy fur 1, tough skin 1
a: Renounce Religion, Berserk, Trog's Hand, Brothers in Arms


You were on level 2 of the Lair of Beasts.
You worshipped Trog.
Trog was extremely pleased with you.
You visited 2 branches of the dungeon, and saw 13 of its levels.

You collected 671 gold pieces.
You spent 240 gold pieces at shops.

Inventory:

Hand Weapons
 o - a +4 hand crossbow
 u - the +4 spear of Riyf {elec, rPois rF++ Will+}
   (You found it on level 5 of the Dungeon)

   It occasionally discharges a powerful burst of electricity upon striking a
   foe.
   rF:        It greatly protects you from fire.
   rPois:     It protects you from poison.
   Will:      It increases your willpower.
 C - the +8 quarterstaff of Zavuwkui {drain, rC+ Will+ Int+5}
   (You took it off a wight on level 8 of the Dungeon)

   A truly terrible weapon, it drains the life of any living foe it strikes.
   Int:       It affects your intelligence (+5).
   rC:        It protects you from cold.
   Will:      It increases your willpower.
 D - a +0 hunting sling
 K - a +2 vorpal executioner's axe
Missiles
 b - 310 stones (quivered)
 f - 48 poisoned darts
 m - 14 javelins
 p - 77 bolts
 B - 2 curare-tipped darts
 O - 35 sling bullets
Armour
 k - a +0 cloak (worn)
 x - +0 acid dragon scales (worn)
Jewellery
 a - a ring of poison resistance (right claw)
 q - a +4 ring of evasion
 s - a +6 ring of dexterity (left claw)
 J - a ring of ice
Wands
 h - a wand of acid (7)
 w - a wand of digging (6)
 N - a wand of flame (13)
Scrolls
 c - 4 scrolls of immolation {unknown}
 d - 2 scrolls of summoning {unknown}
 i - 6 scrolls of teleportation
 n - 4 scrolls of amnesia {unknown}
 t - 2 scrolls of silence {unknown}
 y - 4 scrolls of blinking {unknown}
 z - a scroll of noise {unknown}
 A - a scroll of fear {unknown}
 E - 2 scrolls of magic mapping {unknown}
 F - 2 scrolls of enchant armour {unknown}
 G - 3 scrolls of enchant weapon {unknown}
 P - a scroll of fog {unknown}
Potions
 e - 3 potions of curing
 g - 2 potions of heal wounds
 j - 2 potions of flight
 l - 2 potions of lignification
 r - 2 potions of attraction
 v - a potion of haste
 H - a potion of ambrosia
 I - a potion of mutation
 L - a potion of might
 M - a potion of cancellation
 R - a potion of magic {unknown}


   Skills:
 + Level 10.7 Fighting
 + Level 1.4 Throwing
 + Level 5.8 Armour
 - Level 6.0 Dodging
 - Level 1.0 Stealth
 + Level 12.6 Unarmed Combat


You had 11 spell levels left.
You didn't know any spells.
Your spell library was empty.

Dungeon Overview and Level Annotations

Branches:
Dungeon (11/15)            Temple (0/1) D:7            Lair (2/6) D:10
  Swamp (0/4) Lair:2        Snake (0/4) Lair:2          Orc (0/2) D:10

Altars:
Elyvilon
Kikubaaqudgha
Makhleb
Nemelex Xobeh
Okawaru
Qazlal
Sif Muna
Trog
Uskayaw
Vehumet
Wu Jian
Xom
Yredelemnul
Beogh

Shops:
D:4 :   D:6 [   D:7 :=*


Innate Abilities, Weirdness & Mutations

You are too large for most types of armour.
You have claws for hands.
Your natural rate of healing is unusually fast.
You are covered in fur. (AC +1)
You have tough skin. (AC +1)


Message History

You are too injured to fight recklessly!
You are too injured to fight recklessly!
Unknown command.
The tyrant leech barely misses you.
The swamp worm fires a harpoon shot at you.
The harpoon shot hits you!
You are yanked forward by the harpoon shot.
The tyrant leech bites you!
The tyrant leech draws strength from your injuries!
Unknown command.
The swamp worm completely misses you.
The swamp worm fires a harpoon shot at you.
The harpoon shot hits you!
* * * LOW HITPOINT WARNING * * *
You are yanked forward by the harpoon shot.
Your skin crawls.
You feel strong-willed. The swamp worm bites you!
* * * LOW HITPOINT WARNING * * *
A red film seems to cover your vision as you go berserk!
You feel yourself moving faster!
You feel mighty! The swamp worm bites you!
* * * LOW HITPOINT WARNING * * *
Unknown command.
You claw the swamp worm!
The swamp worm is moderately wounded.
The swamp worm bites you.
* * * LOW HITPOINT WARNING * * *
You eviscerate the swamp worm!!!
You kill the swamp worm!
Trog accepts your kill.
You closely miss the tyrant leech. The tyrant leech bites you!!
* * * LOW HITPOINT WARNING * * *
The tyrant leech draws strength from your injuries!
You closely miss the tyrant leech. You barely miss the tyrant leech.
The tyrant leech barely misses you.
Unknown command.
You miss the tyrant leech. The tyrant leech barely misses you.
You miss the tyrant leech. Your claw misses the tyrant leech.
The tyrant leech bites you!
You die...

..#.....#.#.......♣ ♣§≈♣♣.##
..........#.....†.♣≈≈§§§♣.#
.................†.§§§§§♣.#
..........#......#♣≈§§§§♣.##
..........P.....##♣♣§♣§♣♣..#
...<............##.♣♣♣♣♣..##
..#.......#.....##.....♣#.##
...............w##.....##.P#
...............w@.##.####.##
...#.#...##.....P....##.#.##
...........................#
..........................##
####P#.###..#####.#########
# ##### ###.# ### ###


You could see 2 tyrant leeches.

Vanquished Creatures
  Snorg (D:10)
  Fannar (D:10)
  Erica (Lair:1)
  A two-headed ogre (D:10)
  Urug (Lair:1)
  Joseph (Lair:1)
  A guardian serpent (Lair:2)
  Maggie (D:6)
  2 komodo dragons (Lair:1)
  Grinder (D:3)
  A tyrant leech (Lair:2)
  A hornet (D:8)
  18 yaks
  Sigmund (D:2)
  2 wraiths
  Eustachio (D:6)
  A human (D:4)
  A steam dragon (D:5)
  Grum (D:10)
  2 swamp worms (Lair:2)
  2 acid dragons (D:10)
  3 water moccasins
  3 ice beasts (D:6)
  2 black bears
  8 necrophages
  3 ogres
  7 orc warriors
  A hornet zombie (D:5)
  3 wolves
  5 centaurs
  A phantom (D:5)
  5 kobold brigands
  6 bullfrogs
  A gnoll sergeant (D:8)
  A wyvern zombie (D:9)
  A water moccasin zombie (D:6)
  A wyvern skeleton (D:7)
  5 killer bees (D:8)
  19 wights
  4 howler monkeys
  A crimson imp (D:9)
  2 human zombies (D:4)
  2 bullfrog zombies
  7 centaur zombies
  Crazy Yiuf (D:2)
  2 gnoll shamans
  8 orc priests
  A centaur skeleton (D:6)
  2 hounds
  4 jellies
  A bullfrog skeleton (D:6)
  A scorpion zombie (D:4)
  2 iguanas
  11 orc wizards
  2 killer bee zombies
  2 hound zombies
  5 mummies
  11 gnolls
  3 howler monkey zombies
  6 adders
  2 shadow imps
  2 white imps
  4 adder zombies (D:4)
  4 worms
  A dart slug (D:1)
  77 orcs
  6 endoplasms
  A giant cockroach (D:2)
  2 goblins
  4 hobgoblins
  6 quokkas
  8 ball pythons
  6 bats
  2 frilled lizards (D:1)
  A goblin zombie (D:4)
  24 kobolds
  7 rats
352 creatures vanquished.

Vanquished Creatures (others)
  A plant (Lair:1)
  12 withered plants (D:9)
13 creatures vanquished.

Grand Total: 365 creatures vanquished

Notes
Turn   | Place    | Note
-------+----------+-------------------------------------------
     0 | D:1      | Turgor the Troll Monk began the quest for the Orb.
     0 | D:1      | Reached XP level 1. HP: 22/22 MP: 0/0
    77 | D:1      | Reached XP level 2. HP: 29/29 MP: 1/1
   223 | D:1      | Found a faded altar of an unknown god.
   264 | D:1      | Prayed at the altar of an unknown god.
   264 | D:1      | Became a worshipper of Trog the Wrathful
   264 | D:1      | Reached * piety under Trog
   264 | D:1      | Reached ** piety under Trog
   411 | D:1      | Reached *** piety under Trog
   728 | D:2      | Noticed Sigmund
   741 | D:2      | Reached XP level 3. HP: 37/37 MP: 2/2
   758 | D:2      | Killed Sigmund
   759 | D:2      | Reached skill level 4 in Unarmed Combat
   759 | D:2      | Reached XP level 4. HP: 48/48 MP: 3/3
   759 | D:2      | Reached XP level 5. HP: 54/54 MP: 4/4
   833 | D:2      | Found a runed translucent door.
   834 | D:2      | Noticed Crazy Yiuf
  1408 | D:2      | Killed Crazy Yiuf
  1409 | D:2      | Reached skill level 5 in Unarmed Combat
  1480 | D:3      | Noticed Grinder
  1517 | D:3      | Killed Grinder
  1518 | D:3      | Reached XP level 6. HP: 54/63 MP: 5/5
  2037 | D:4      | Noticed a human
  2037 | D:4      | Found a runed translucent door.
  2052 | D:4      | Reached skill level 6 in Unarmed Combat
  2069 | D:4      | Reached skill level 5 in Fighting
  2069 | D:4      | Reached XP level 7. HP: 70/72 MP: 6/6
  2080 | D:4      | Found a basalt altar of Yredelemnul.
  2087 | D:4      | Killed a human
  2219 | D:4      | Found a sparkling altar of Nemelex Xobeh.
  2288 | D:4      | Reached **** piety under Trog
  2293 | D:4      | Reached skill level 7 in Unarmed Combat
  2296 | D:4      | Found an ancient bone altar of Kikubaaqudgha.
  2356 | D:4      | Reached XP level 8. HP: 74/83 MP: 7/7
  2513 | D:4      | Found an iron altar of Okawaru.
  2592 | D:4      | Noticed a moth of wrath
  2595 | D:4      | Found a bloodstained altar of Trog.
  2785 | D:4      | Found Paled's Book Shop.
  2850 | D:4      | Found a shimmering altar of Xom.
  3077 | D:5      | Entered Level 5 of the Dungeon
  3270 | D:5      | Reached skill level 8 in Unarmed Combat
  3527 | D:5      | Identified the +4 spear of Riyf {elec, rPois rF++ Will+}
  3618 | D:5      | Reached XP level 9. HP: 54/93 MP: 8/8
  3621 | D:5      | Reached skill level 9 in Unarmed Combat
  4195 | D:6      | Found a hide-covered altar of Uskayaw.
  4317 | D:6      | Reached skill level 10 in Unarmed Combat
  4414 | D:6      | Found a white marble altar of Elyvilon.
  4520 | D:6      | Found Xebash's Armour Boutique.
  4640 | D:6      | Noticed Eustachio
  4655 | D:6      | Killed Eustachio
  4681 | D:6      | Noticed Maggie
  4692 | D:6      | Killed Maggie
  4736 | D:6      | Found a radiant altar of Vehumet.
  4792 | D:7      | Found Qeecwiku's Jewellery Shop.
  4804 | D:7      | Reached XP level 10. HP: 104/105 MP: 9/9
  4804 | D:7      | Found a staircase to the Ecumenical Temple.
  4815 | D:7      | Bought a ring of poison resistance for 240 gold pieces
  4840 | D:7      | Found Zavuilio's Book Shoppe.
  5340 | D:7      | Reached ***** piety under Trog
  5359 | D:7      | Reached skill level 1 in Armour
  5510 | D:7      | Found Marph's General Store.
  5714 | D:8      | Found a burning altar of Makhleb.
  5858 | D:8      | Identified the +8 quarterstaff of Zavuwkui {drain, rC+
                  | Will+ Int+5}
  6035 | D:8      | Reached skill level 11 in Unarmed Combat
  6069 | D:8      | Found a stormy altar of Qazlal.
  6105 | D:8      | Found an ornate altar of the Wu Jian Council.
  6505 | D:9      | Received a gift from Trog
  6712 | D:9      | Reached XP level 11. HP: 108/115 MP: 10/10
  6858 | D:9      | Reached skill level 5 in Dodging
  7324 | D:10     | Entered Level 10 of the Dungeon
  7383 | D:10     | Noticed Fannar
  7405 | D:10     | Killed Fannar
  7406 | D:10     | Reached skill level 10 in Fighting
  7551 | D:10     | Received a gift from Trog
  7568 | D:10     | Noticed Snorg
  7581 | D:10     | Killed Snorg
  7586 | D:10     | Noticed a two-headed ogre
  7604 | D:10     | Killed a two-headed ogre
  7645 | D:10     | Found a staircase to the Orcish Mines.
  7704 | D:10     | Found a staircase to the Lair.
  7856 | D:10     | Found a shimmering blue altar of Sif Muna.
  7929 | D:10     | Reached skill level 12 in Unarmed Combat
  7996 | D:10     | Noticed Grum
  8090 | D:10     | Killed Grum
  8199 | Lair:1   | Entered Level 1 of the Lair of Beasts
  8218 | Lair:1   | Noticed Erica
  8238 | Lair:1   | Killed Erica
  8371 | Lair:1   | Reached skill level 5 in Armour
  8586 | Lair:1   | Noticed Joseph
  8593 | Lair:1   | Killed Joseph
  8681 | Lair:1   | Noticed Urug
  8693 | Lair:1   | Killed Urug
  9087 | Lair:2   | Reached XP level 12. HP: 128/128 MP: 11/11
  9207 | Lair:2   | Found a staircase to the Snake Pit.
  9319 | Lair:2   | Reached skill level 1 in Throwing
  9470 | Lair:2   | Found a staircase to the Swamp.
  9495 | Lair:2   | HP: 5/192 [tyrant leech (26)]
  9499 | Lair:2   | Slain by a tyrant leech

Illustrated notes

Levels and vault maps discovered:
D:1:      arrival_zaba_pyramid, layout_loops_ring, basic_ecumenical_altar,
          dk_noncrumbling_3
D:2:      layout_rooms, lemuel_flame_loot_1, uniq_sigmund,
          uniq_crazy_yiuf_cottage
D:3:      layout_rooms, uniq_grinder
D:4:      layout_loops_ring, nemelex_xobeh_ov_fountains_minmay,
          general_overflow_altar, dk_yredelemnul_ordeal,
          mainiacjoe_overflow_six_doors_small, tgw_trog,
          lemuel_mausoleum_altar_kikubaaqudgha, nicolae_inconvenience_store
D:5:      layout_loops_ring, skrybe_limestone_x, nrook_mini_vaults,
          roderic_lattice_a
D:6:      layout_loops_ring, vehumet_crystals, nicolae_uskayaw_dance_hall,
          nicolae_elyvilon_peaceful_grove, serial_shops, shop, uniq_eustachio,
          uniq_maggie
D:7:      layout_gridville, minmay_temple_entry_large_hall, serial_shops, shop,
          kennysheep_mini, shop
D:8:      layout_basic, nzn_wu_jian_contemplation,
          nicolae_qazlal_general_emergency, mainiacjoe_overflow_surrounded_room,
          special_room [special_room_orc], kennysheep_pointless_box,
          minmay_between
D:9:      layout_roguey, serial_undead, serial_undead_f, serial_undead_b,
          serial_undead_b, serial_undead_f, serial_undead_a, serial_undead_c,
          serial_undead_d, serial_undead_d, serial_undead_c, serial_undead_a,
          minmay_fire_ice_demons
D:10:     layout_irregular_city, nicolae_sif_muna_condensation,
          lair_entry_dummy, david_orc_5, uniq_fannar, uniq_grum, uniq_snorg
D:11:     layout_gridville, elves_outpost_lemuel, uniq_psyche
Lair:1:   layout_long_grid, uniq_erica, uniq_joseph, uniq_urug
Lair:2:   layout_regular_city, minmay_swamp_entry_worms,
          minmay_snake_entry_spellcaster, infiniplex_staircase_pool_2,
          lemuel_fruit_tree

Skill      XL: |  1  2  3  4  5  6  7  8  9 10 11 12 |
---------------+-------------------------------------+-----
Fighting       | 3 4 5 6 7 8 9 10 | 10.7
Unarmed Combat | 4 5 6 7 8 10 11 12 | 12.6
Dodging        | 3 4 6 |  6.0
Armour         | 3 5 |  5.8
Throwing       | 1 |  1.4
Stealth        | |  1.0

Action                   |  1- 3 |  4- 6 |  7- 9 | 10-12 || total
-------------------------+-------+-------+-------+-------++-------
Melee: Unarmed           |    65 |    99 |   277 |   547 ||   988
       Punch             |     1 |     3 |    15 |    44 ||    63
Invok: Berserk           |     1 |     2 |     4 |     8 ||    15
       Trog's Hand       |       |       |     1 |     6 ||     7
  Use: Scroll            |       |     4 |       |     9 ||    13
 Stab: Sleeping          |     1 |     1 |     5 |       ||     7
Armor: Robe              |    13 |    29 |    44 |       ||    86
       Acid dragon scale |       |       |     1 |   151 ||   152
Dodge: Dodged            |    21 |    43 |    80 |   261 ||   405

Table legend: (Time is in decaauts)
 A = Elapsed time spent in this place.
 B = Non-inter-level travel time spent in this place.
 C = Inter-level travel time spent in this place.
 D = Time resting spent in this place.
 E = Time spent auto-exploring this place.
 F = Levels seen in this place.
 G = Mean time per level.
                   A        B        C        D        E       F      G
               +--------+--------+--------+--------+--------+-----+--------+
         Total |   9496 |   9106 |    390 |    235 |   6348 |  13 |  730.5 |
       Dungeon |   8175 |   7814 |    361 |    158 |   5322 |  11 |  743.2 |
          Lair |   1321 |   1292 |     29 |     77 |   1026 |   2 |  660.5 |
               +--------+--------+--------+--------+--------+-----+--------+

Top non-repeatable levels by time:
     D:5: 1045 daAuts
     D:4: 994 daAuts
     D:7: 869 daAuts
     D:9: 837 daAuts
    D:10: 798 daAuts
     D:2: 785 daAuts
     D:8: 772 daAuts
     D:6: 702 daAuts
     D:1: 692 daAuts
  Lair:1: 671 daAuts
  Lair:2: 650 daAuts
     D:3: 607 daAuts
    D:11: 69 daAuts
